cohdb
Replays
Latest Replays
All Replays
Popular Replays
Top Player Replays
Match Explorer
How It Works
Community
CoH3 Stats
Reddit
Sign in to upload your games and track your stats! →
Sign in with Steam
Match 43133089
Unlisted
Match 43133089
Overview
Messages
Build Orders
End
Engineer Squad
Construct Barracks
Riflemen Squad
Selects Heavy Weapons
Riflemen Squad
Infantry Support Center
Selects Assault Carriers
Construct Weapon Support Center
M3 Assault Carrier
M1919 Machine Gun Team
Riflemen Squad
Construct Medical Station
M1918 Browning Automatic Rifles
Selects Exchangeable Parts
M3 Assault Carrier
Grenade Package
Selects M2HB .50cal Heavy Machine Gun
TantheMan415
ConcernedApe
Taiwanupupup
Stanl
0
0
Comments
sign in to comment!
No comments posted yet!